 Dungeon Crawl Stone Soup version 0.31.0-32-g396128a36d (webtiles) character file.

Game seed: 18071978859006859124

70 PaiMei the Grave Robber (level 4, -4/32 HPs)
             Began as a Demonspawn Necromancer on Mar 26, 2024.
             Slain by Grinder (6 damage)
             ... while paralysed by Grinder
             ... on level 3 of the Dungeon.
             The game lasted 00:03:32 (2226 turns).

PaiMei the Grave Robber (Demonspawn Necromancer)    Turns: 2226, Time: 00:03:32

Health: -4/32      AC:  2    Str:  9    XL:     4   Next: 4%
Magic:  2/7        EV: -1    Int: 17    God:
Gold:   108        SH:  0    Dex: 13    Spells: 7/8 levels left

rFire   . . .        h - +0 falchion
rCold   . . .        (no shield)
rNeg    . . .        a - +0 robe
rPois   .            (no helmet)
rElec   .            (no cloak)
rCorr   .            (no gloves)
SInv    +            (no boots)
Will    .....        (no amulet)
Stlth   ++           j - ring of see invisible
HPRegen 0.25/turn    (no ring)
MPRegen 0.10/turn

%: no passive effects
@: paralysed, constricted
A: claws 1, foul stench 1
a: no special abilities


You were on level 3 of the Dungeon.
You visited 1 branch of the dungeon, and saw 3 of its levels.

You collected 108 gold pieces.

Inventory:

Hand Weapons
 f - a +0 short sword
 h - a +0 falchion (weapon)
Missiles
 d - 13 poisoned darts (quivered)
Armour
 a - a +0 robe (worn)
 g - a +0 leather armour
 m - a +0 kite shield
Jewellery
 j - a ring of see invisible (left claw)
Scrolls
 c - 3 scrolls of enchant armour {unknown}
 e - a scroll of brand weapon {unknown}
 i - a scroll of teleportation {unknown}
 l - 2 scrolls of fear {unknown}
Potions
 b - a potion of magic
 k - a potion of curing {unknown}
 n - a potion of attraction {unknown}


   Skills:
 + Level 1.2 Fighting
 + Level 2.5 Dodging
 - Level 2.0 Stealth
 + Level 2.6 Spellcasting
 + Level 4.9 Necromancy


You had 7 spell levels left.
You knew the following spells:

 Your Spells              Type           Power      Damage    Failure   Level
a - Necrotise             Necr           72%        1d7       2%          1

Your spell library contained the following spells:

 Spells                   Type           Power      Damage    Failure   Level
 Vampiric Draining        Necr           18%        2d7       8%          3
 Apportation              Tloc           4%         N/A       19%         1
 Sting                    Conj/Alch      8%         1d3       19%         1
 Summon Small Mammal      Summ           8%         N/A       19%         1
 Animate Dead             Necr           18%        N/A       24%         4
 Dazzling Flash           Conj/Hex       4%         N/A       50%         3
 Mephitic Cloud           Conj/Alch/Air  2%         N/A       50%         3
 Curse of Agony           Necr           18%        N/A       56%         5
 Silence                  Hex/Air        1%         N/A       99%         5


Dungeon Overview and Level Annotations

Branches:
Dungeon (3/15)

Altars:
Vehumet

Shops:
D:1 [   D:2 :

Annotations:
D:3 Grinder, Sigmund


Innate Abilities, Weirdness & Mutations

You have sharp fingernails.
You may rarely emit foul miasma when damaged in melee.


Message History

The ball python attacks as it pursues you!
The ball python barely misses you. The ball python grabs you.
The ball python constricts you.
You escape the ball python's grasp.
Grinder attacks as she pursues you! Grinder completely misses you.
The bat hits you.
You emit a cloud of foul miasma!
The ball python attacks as it pursues you!
The ball python bites you but does no damage.
The ball python closely misses you.
The bat is engulfed in dark miasma.
The bat is poisoned.
The bat closely misses you. Grinder attacks as she pursues you!
Grinder closely misses you.
You hit the bat.
The bat is heavily wounded.
The bat closely misses you. Grinder hits you.
You writhe in agony.
The ball python barely misses you. x2
Grinder gestures at you.
You suddenly lose the ability to move!
The bat barely misses you.
The ball python bites you but does no damage.
The ball python barely misses you. Grinder gestures at you.
Pain shoots through your body! The bat barely misses you.
The ball python bites you. The ball python barely misses you.
The ball python bites you but does no damage.
The ball python grabs you. The ball python constricts you. The bat hits you.
Grinder hits you.
* * * LOW HITPOINT WARNING * * *
You writhe in agony.
* * * LOW HITPOINT WARNING * * *
The bat hits you but does no damage.
The ball python bites you but does no damage.
The ball python constricts you.
* * * LOW HITPOINT WARNING * * *
Grinder hits you.
* * * LOW HITPOINT WARNING * * *
You writhe in agony.
You die...
Grinder says, "Now the real fun starts!"

...#######
#.# @ #)#
#######'##
#...##..o#
#...##...#
#...##..o#
#...##..o#
#...'.°S5#
#...##.b@#
#...##...#
#...##...#
#...####.#
##.......#
#######.#
#.# #.#
#######
#.#
#<....#


You could see Grinder, 3 orcs, a bat (poisoned) and a ball python.

Vanquished Creatures
  An adder (D:2)
  3 orcs (D:3)
  3 ball pythons (D:1)
  3 bats
  3 endoplasms
  A giant cockroach (D:2)
  3 goblins
  8 hobgoblins
  6 jackals
  7 kobolds
  4 quokkas (D:1)
  2 frilled lizards
  3 rats
47 creatures vanquished.

Notes
Turn   | Place    | Note
-------+----------+-------------------------------------------
     0 | D:1      | PaiMei the Demonspawn Necromancer began the quest for the
                  | Orb.
     0 | D:1      | Reached XP level 1. HP: 13/13 MP: 3/3
   167 | D:1      | Gained mutation: You have sharp fingernails. [demonic
                  | ancestry]
   167 | D:1      | Reached XP level 2. HP: 19/19 MP: 0/5
   362 | D:1      | Found Pevexy Wocim's Antique Armour Shop.
   828 | D:1      | Gained mutation: You may rarely emit foul miasma when
                  | damaged in melee. [demonic ancestry]
   828 | D:1      | Reached XP level 3. HP: 15/25 MP: 0/6
  1182 | D:2      | Reached skill level 1 in Fighting
  1228 | D:2      | Found a radiant altar of Vehumet.
  1299 | D:2      | Identified the +0 scale mail of Limited Liability {-Cast
                  | Rampage rC+++ SInv}
  1369 | D:2      | Found Koowaoll's Book Boutique.
  2019 | D:3      | Noticed Sigmund
  2189 | D:3      | Reached XP level 4. HP: 32/32 MP: 5/7
  2191 | D:3      | Noticed Grinder
  2223 | D:3      | Paralysed by Grinder for 4 turns
  2226 | D:3      | Slain by Grinder

Illustrated notes

Levels and vault maps discovered:
D:1:      lightli_arrival_noodles, layout_loops_ring, serial_shops,
          nicolae_shop_gibbet_a_chance
D:2:      layout_basic, serial_shops, nicolae_shop_hallway_stairs, basic_altar
D:3:      layout_basic, supply_closet_lemuel, minivault_24,
          nicolae_houndstooth_variations, uniq_jessica, uniq_sigmund,
          uniq_grinder

Skill      XL: |  1  2  3 |
---------------+----------+-----
Dodging        | 2 |  2.5
Stealth        | 2 |  2.0
Fighting       | 1 |  1.2
Spellcasting   | |  2.6
Necromancy     | |  4.9

Action                     |  1- 3 |  4- 6 || total
---------------------------+-------+-------++-------
  Melee: Falchion          |     8 |     1 ||     9
         Short sword       |     7 |       ||     7
   Cast: Necrotise         |    77 |     6 ||    83
 Armour: Robe              |    24 |    26 ||    50
  Dodge: Dodged            |    26 |    31 ||    57
